 Dungeon Crawl Stone Soup version 0.29-a0-11-ga75d3d97ab (webtiles) character file.

Game seed: 893242046018291577

548 dohliylev the Stinger (level 7, 0/36 HPs)
             Began as a Gargoyle Venom Mage on Jan 27, 2022.
             Slain by Killmatronix's ghost (1 damage)
             ... on level 4 of the Dungeon on Jan 28, 2022.
             The game lasted 00:17:52 (5567 turns).

dohliylev the Stinger (Gargoyle Venom Mage)         Turns: 5567, Time: 00:17:53

Health: 0/36       AC:  6    Str: 11    XL:     7   Next: 28%
Magic:  0/14       EV: 12    Int: 18    God:
Gold:   178        SH:  0    Dex: 10    Spells: 5/15 levels left

rFire   . . .      SeeInvis +   o - staff of conjuration
rCold   + . .      Faith    .   (no shield)
rNeg    + . .      Spirit   +   a - +0 robe
rPois   ∞          Reflect  .   (no helmet)
rElec   +          Harm     .   (no cloak)
rCorr   .          Rampage  .   (no gloves)
Will    .....                   (no boots)
Stlth   ++........              p - amulet of guardian spirit
HPRegen 0.12/turn               i - ring of see invisible
MPRegen 0.14/turn               m - ring of protection from cold

@: no status effects
A: sickness immunity, AC +4, negative energy resistance 1, electricity
resistance, torment resistance 1, petrification resistance
a: no special abilities


You were on level 4 of the Dungeon.
You visited 1 branch of the dungeon, and saw 5 of its levels.

You collected 178 gold pieces.

Inventory:

Armour
 a - a +0 robe (worn)
Magical Staves
 o - a staff of conjuration (weapon)
Jewellery
 i - a ring of see invisible (left hand)
 m - a ring of protection from cold (right hand)
 p - an amulet of guardian spirit (around neck)
Wands
 q - a wand of flame (15)
Scrolls
 b - a scroll of fog
 d - a scroll of teleportation
 e - 2 scrolls of vulnerability {unknown}
 f - a scroll of fear {unknown}
 h - 3 scrolls of identify {unknown}
Potions
 g - a potion of heal wounds {unknown}
 j - a potion of brilliance {unknown}
 k - 3 potions of curing {unknown}
 l - 2 potions of mutation {unknown}
 n - 2 potions of haste {unknown}


   Skills:
 + Level 2.3 Dodging
 - Level 2.1 Stealth
 + Level 4.7 Spellcasting
 - Level 1.1 Transmutations
 + Level 1.9 Air Magic
 + Level 5.3 Poison Magic


You had 5 spell levels left.
You knew the following spells:

 Your Spells              Type           Power      Damage    Failure   Level
a - Sting                 Tmut/Pois      64%        1d6       3%          1
b - Poisonous Vapours     Pois/Air       34%        N/A       4%          2
c - Mephitic Cloud        Conj/Pois/Air  19%        N/A       16%         3
d - Olgreb's Toxic Radia  Pois           23%        N/A       16%         4

Your spell library contained the following spells:

 Spells                   Type           Power      Damage    Failure   Level


Dungeon Overview and Level Annotations

Branches:
Dungeon (5/15)
 Temple: D:4-7

Altars:
Elyvilon

Annotations:
D:4 Grinder; Killmatronix's ghost, amateur DEGl


Innate Abilities, Weirdness & Mutations

You are immune to sickness and miasma.
Your stone body is resilient. (AC +4)
You are immune to poison.
You resist negative energy. (rN+)
You are resistant to electric shocks. (rElec)
You are resistant to unholy torment.
You are immune to petrification.


Message History

You blink.
A kobold comes into view. It is wielding a +0 short sword.
The phantom hits you but does no damage.
The kobold shouts!
The kobold misses you. The phantom hits you.
* * * LOW HITPOINT WARNING * * *
The phantom blinks!
You blink.
The phantom misses you.
You barely miss the kobold. The phantom hits you.
* * * LOW HITPOINT WARNING * * *
The kobold hits you but does no damage.
You hit the kobold.
The kobold is heavily wounded.
The kobold barely misses you.
The phantom hits you but does no damage.
You hit the kobold.
You kill the kobold!
The phantom barely misses you.
Killmatronix's ghost completely misses you.
You hit Killmatronix's ghost.
Killmatronix's ghost is lightly damaged.
The phantom hits you but does no damage.
Killmatronix's ghost hits you.
* * * LOW HITPOINT WARNING * * *
The phantom hits you but does no damage.
You hit Killmatronix's ghost.
Killmatronix's ghost is lightly damaged.
Killmatronix's ghost hits you but does no damage.
The phantom hits you.
* * * LOW HITPOINT WARNING * * *
You hit Killmatronix's ghost but do no damage.
Killmatronix's ghost is lightly damaged.
Killmatronix's ghost hits you.
* * * LOW HITPOINT WARNING * * *
The phantom barely misses you.
You barely miss Killmatronix's ghost.
Killmatronix's ghost is lightly damaged.
Killmatronix's ghost barely misses you. The phantom misses you.
Killmatronix's ghost hits you.
You die...

...#
#.#.##.#
#..#.##..
...#
#.#.##.#
#..#.##..
##.#
#.#..#.#
#........
.#
#.##.#.#
##..#####
## #.
#.#.#
#..)....
#.##.!.#
##.#####
#......#
#.#
#...W..#
#.#
#...@..#
#.#
#...W..#
#.#####
#......#
#......
#.####..#
#######
#. #..##
. .... #
#..##
#..##
#####..#


You could see a phantom and Killmatronix's ghost.

Vanquished Creatures
  A necrophage (D:5)
  2 ogres
  A bullfrog zombie (D:5)
  3 hounds
  A jelly (D:5)
  An orc priest (D:3)
  3 adders
  An ufetubus (D:4)
  2 worms (D:2)
  4 dart slugs
  6 orcs
  5 endoplasms
  2 giant cockroaches
  3 goblins
  5 hobgoblins
  4 jackals (D:3)
  7 kobolds
  3 quokkas
  4 ball pythons
  4 bats
  7 frilled lizards
  5 rats
74 creatures vanquished.

Notes
Turn   | Place    | Note
-------+----------+-------------------------------------------
     0 | D:1      | dohliylev the Gargoyle Venom Mage began the quest for the
                  | Orb.
     0 | D:1      | Reached XP level 1. HP: 10/10 MP: 3/3
   100 | D:1      | Found a faded altar of an unknown god.
   343 | D:1      | Reached XP level 2. HP: 13/15 MP: 0/5
   872 | D:1      | Reached skill level 1 in Transmutations
   931 | D:1      | Learned a level 2 spell: Poisonous Vapours
  1255 | D:2      | Reached XP level 3. HP: 10/19 MP: 2/6
  1260 | D:2      | Learned a level 3 spell: Mephitic Cloud
  1490 | D:2      | Found a white marble altar of Elyvilon.
  2698 | D:3      | Reached XP level 4. HP: 19/24 MP: 3/8
  2853 | D:3      | Noticed an ogre
  2866 | D:3      | Killed an ogre
  2867 | D:3      | Reached skill level 1 in Air Magic
  2867 | D:3      | Reached skill level 4 in Poison Magic
  2867 | D:3      | Reached XP level 5. HP: 28/28 MP: 2/9
  3632 | D:3      | Learned a level 4 spell: Olgreb's Toxic Radiance
  3813 | D:4      | You fall into a shaft and drop 1 floor!
  3813 | D:5      | Entered Level 5 of the Dungeon
  3898 | D:5      | Noticed a necrophage
  3950 | D:5      | Noticed an ogre
  3951 | D:5      | Noticed an ogre
  3964 | D:5      | Noticed a necrophage
  3997 | D:5      | Reached XP level 6. HP: 31/32 MP: 5/11
  4055 | D:5      | Noticed a sky beast
  4083 | D:5      | Killed a necrophage
  4423 | D:5      | Noticed a necrophage
  4554 | D:5      | Reached skill level 5 in Poison Magic
  4685 | D:5      | Reached XP level 7. HP: 33/36 MP: 7/13
  4762 | D:5      | HP: 1/36 [phantom (7)]
  4787 | D:4      | Noticed Grinder
  5272 | D:4      | Found a runed translucent door.
  5471 | D:4      | Noticed Killmatronix's ghost (amateur DEGl)
  5481 | D:4      | Upgraded the game from 0.29-a0-8-g0446c0dae4 to
                  | 0.29-a0-11-ga75d3d97ab
  5566 | D:4      | HP: 1/36 [Killmatronix's ghost (3)]
  5567 | D:4      | Slain by Killmatronix's ghost

Illustrated notes

Levels and vault maps discovered:
D:1:      lemuel_arrival_behind_the_door_large, layout_basic,
          ebering_ecumenical_altar_mist
D:2:      layout_basic, basic_altar
D:3:      layout_loops_cross, kennysheep_nondescript,
          wander_ebering_terrifying_dragon_lair
D:4:      layout_basic, ebering_ghost_sewer_d, uniq_grinder
D:5:      layout_loops_ring

Skill      XL: |  1  2  3  4  5  6 |
---------------+-------------------+-----
Transmutations | 1 |  1.1
Dodging        | 2 |  2.3
Spellcasting   | 3 4 |  4.7
Air Magic      | 1 |  1.9
Poison Magic   | 4 5 |  5.3
Stealth        | |  2.1

Action                   |  1- 3 |  4- 6 |  7- 9 || total
-------------------------+-------+-------+-------++-------
Melee: Dagger            |    24 |     8 |       ||    32
       Staff             |       |    37 |    24 ||    61
       Punch             |       |     2 |       ||     2
 Cast: Sting             |    47 |    59 |    15 ||   121
       Poisonous Vapours |    22 |    15 |    13 ||    50
       Mephitic Cloud    |       |       |     1 ||     1
       Olgreb's Toxic Ra |       |       |     1 ||     1
  Use: Scroll            |       |     3 |     2 ||     5
Armor: Robe              |    12 |    33 |    21 ||    66
Dodge: Dodged            |    22 |    54 |    47 ||   123

Table legend: (Time is in decaauts)
 A = Elapsed time spent in this place.
 B = Non-inter-level travel time spent in this place.
 C = Inter-level travel time spent in this place.
 D = Time resting spent in this place.
 E = Time spent auto-exploring this place.
 F = Levels seen in this place.
 G = Mean time per level.
                   A        B        C        D        E       F      G
               +--------+--------+--------+--------+--------+-----+--------+
         Total |   5578 |   5495 |     83 |   1212 |   2955 |   5 | 1115.6 |
       Dungeon |   5578 |   5495 |     83 |   1212 |   2955 |   5 | 1115.6 |
               +--------+--------+--------+--------+--------+-----+--------+

Top non-repeatable levels by time:
     D:3: 1428 daAuts
     D:2: 1309 daAuts
     D:1: 1166 daAuts
     D:5: 956 daAuts
     D:4: 717 daAuts
